 Dungeon Crawl Stone Soup version 0.31-a0-182-gc5ef74bbde (webtiles) character file.

Game seed: 9195692894435455960

268 qw the Chopper (level 6, -5/37 HPs)
             Began as a Gargoyle Fighter on June 21, 2023.
             Slain by a black bear (6 damage)
             ... on level 4 of the Dungeon.
             The game lasted 00:01:08 (2285 turns).

qw the Chopper (Gargoyle Fighter)                   Turns: 2285, Time: 00:01:08

Health: -5/37      AC: 16    Str: 27    XL:     6   Next: 21%
Magic:  6/6        EV: 10    Int:  9    God:
Gold:   261        SH:  4    Dex:  9    Spells: 5/5 levels left

rFire   . . .        Y - +0 war axe
rCold   . . .        c - +0 buckler
rNeg    + . .        b - +0 scale mail
rPois   inf          (no helmet)
rElec   +            n - +0 cloak
rCorr   .            a - +0 pair of gloves
SInv    .            j - +2 pair of boots {rampage}
Will    .....        (no amulet) Stlth
                     m - +6 ring of strength
HPRegen 0.26/turn    (no ring)
MPRegen 0.10/turn

%: rampage
@: no status effects
A: sickness immunity, AC +4, negative energy resistance 1, electricity
resistance, torment resistance 1, petrification resistance
a: no special abilities


You were on level 4 of the Dungeon.
You visited 1 branch of the dungeon, and saw 5 of its levels.

You collected 261 gold pieces.


Innate Abilities, Weirdness & Mutations

You are immune to sickness and miasma.
Your stone body is resilient. (AC +4)
You are immune to poison.
You resist negative energy. (rN+)
You are resistant to electric shocks. (rElec)
You are resistant to unholy torment.
You are immune to petrification.


   Skills:
 + Level 3.6 Fighting
 - Level 5.1 Axes
 - Level 3.2 Armour
 - Level 1.7 Dodging
 - Level 3.2 Shields


You had 5 spell levels left.
You didn't know any spells.
Your spell library was empty.

Inventory:

Hand Weapons
 e - a +4 whip
 Y - a +0 war axe (weapon)
Missiles
 g - 5 boomerangs (quivered)
Armour
 a - a +0 pair of gloves (worn)
 b - a +0 scale mail (worn)
 c - a +0 buckler (worn)
 j - a +2 pair of boots of rampaging (worn)
 n - a +0 cloak (worn)
Jewellery
 m - a +6 ring of strength (left hand)
Wands
 l - a wand of digging (5)
Scrolls
 o - a scroll of identify
Potions
 d - a potion of might
 f - a potion of enlightenment {unknown}
 h - a potion of lignification {unknown}
 i - a potion of curing
 k - a potion of heal wounds {unknown}

Dungeon Overview and Level Annotations

Branches:
Dungeon (5/15)
 Temple: D:4-7

Altars:
Dithmenos
Elyvilon
Fedhas
Wu Jian
Yredelemnul

Annotations:
D:4 1 runed translucent door, qw's ghost, novice GrFi


Message History

The black bear claws you but does no damage.
The black bear closely misses you.
You closely miss the black bear.
The black bear is heavily wounded.
The black bear closely misses you. The black bear barely misses you.
The black bear claws you but does no damage.
You hit the black bear.
The black bear is severely wounded.
The black bear bites you but does no damage.
The black bear misses you. The black bear completely misses you.
You hit the black bear.
The black bear is severely wounded.
The black bear bites you but does no damage.
The black bear misses you.
The black bear claws you but does no damage.
The black bear bites you but does no damage.
The black bear barely misses you.
The black bear claws you but does no damage.
You hit the black bear.
The black bear is severely wounded.
The black bear barely misses you. The black bear completely misses you.
You block the black bear's attack.
You hit the black bear but do no damage.
The black bear is severely wounded.
The black bear misses you. The black bear claws you.
The black bear claws you but does no damage.
You closely miss the black bear.
The black bear is severely wounded.
The black bear barely misses you.
The black bear claws you but does no damage. x2
You barely miss the black bear.
The black bear is severely wounded.
The black bear bites you. The black bear barely misses you.
You block the black bear's attack. The black bear closely misses you.
The black bear claws you but does no damage.
The black bear claws you.
You closely miss the black bear.
The black bear is severely wounded.
The black bear bites you.
You die...

..##..#....#................#####
......###....................##..
.......###..................#..)#
........####............##..#...#
#......## #...........#.##....###
#.......###........#.#####...####
#......(...........#.# #....###.
...##............h...# #.....#..
..####.........%@....####........
#...................###.#........
.....(..........................#
#.................>.#<.####......
##..................#...##.......
#.)................###...##......
#...........####.#...#...##...##.
##........#.###..#........#..####
##.......##..##..##............##


You could see a black bear.

Vanquished Creatures
  A scorpion (D:4)
  2 hounds (D:4)
  An orc priest (D:4)
  An orc wizard (D:4)
  An adder (D:2)
  A worm (D:2)
  3 dart slugs (D:2)
  2 orcs (D:4)
  6 ball pythons
  10 endoplasms
  4 giant cockroaches
  4 goblins
  5 hobgoblins
  4 jackals (D:1)
  3 quokkas
  6 bats
  4 frilled lizards
  7 kobolds
  8 rats
73 creatures vanquished.

Notes
Turn   | Place    | Note
-------+----------+-------------------------------------------
     0 | D:1      | qw the Gargoyle Fighter began the quest for the Orb.
     0 | D:1      | Reached XP level 1. HP: 14/14 MP: 1/1
     0 | D:1      | 0 ||| qw: Version: 0.3-a-9-g12657ce
     0 | D:1      | 0 ||| qw: Game counter: 1534
     0 | D:1      | 0 ||| qw: Always use a shield: true
     0 | D:1      | 0 ||| qw: God list: Okawaru
     0 | D:1      | 0 ||| qw: Allow faded altars: false
     0 | D:1      | 0 ||| qw: Do Orc after D:15 true
     0 | D:1      | 0 ||| qw: Do second Lair branch before Depths: true
     0 | D:1      | 0 ||| qw: Lair rune preference: random
     0 | D:1      | 0 ||| qw: Plans: Normal, Zot:1-4, Slime:5, God:TSO, Crypt,
                  | Tomb, Abyss, Pan, Hells, Win
     0 | D:1      | 0 ||| PLANNING D:1-11
    32 | D:1      | 32 ||| Stepping ~*~*~tactically~*~*~ (stealth).
    36 | D:1      | Reached skill level 2 in Axes
    43 | D:1      | Reached XP level 2. HP: 19/19 MP: 2/2
   289 | D:1      | Reached skill level 3 in Axes
   516 | D:1      | Reached XP level 3. HP: 23/23 MP: 3/3
   822 | D:1      | 822 ||| DROPPING amulet of magic regeneration.
   823 | D:1      | 823 ||| READING scroll labelled PALAOR QOGRA.
   824 | D:1      | 824 ||| DRINKING 3 viscous orange potions.
   885 | D:2      | 885 ||| Stepping ~*~*~tactically~*~*~ (hiding).
   886 | D:2      | 886 ||| Stepping ~*~*~tactically~*~*~ (hiding).
   908 | D:2      | 908 ||| DROPPING +0 club.
   937 | D:2      | Reached XP level 4. HP: 28/28 MP: 4/4
   954 | D:2      | 954 ||| Stepping ~*~*~tactically~*~*~ (hiding).
  1220 | D:2      | 1220 ||| UPGRADING to +0 pair of gloves.
  1225 | D:2      | 1225 ||| READING scroll labelled QYIFRE GIPOWYM.
  1248 | D:3      | Reached skill level 4 in Axes
  1330 | D:3      | Found a faded altar of an unknown god.
  1492 | D:3      | Found a white marble altar of Elyvilon.
  1601 | D:3      | Found a blossoming altar of Fedhas.
  1657 | D:3      | 1657 ||| UPGRADING to +6 ring of strength.
  1658 | D:3      | 1658 ||| READING scroll labelled RUKER PAETUMEO.
  1658 | D:3      | Identified a scroll of acquirement
  1658 | D:3      | 1658 ||| ACQUIRING +2 pair of boots of rampaging
  1658 | D:3      | Acquired a +2 pair of boots of rampaging
  1660 | D:3      | 1660 ||| UPGRADING to +2 pair of boots of rampaging.
  1665 | D:3      | 1665 ||| READING scroll labelled OCICOROMERY.
  1683 | D:3      | 1683 ||| READING scroll labelled OHEMPE ZAFODOH.
  1709 | D:3      | 1709 ||| Stepping randomly (stuck).
  1766 | D:4      | 1766 ||| STAIRDANCE
  1767 | D:3      | Found an ornate altar of the Wu Jian Council.
  1767 | D:3      | Found a shadowy altar of Dithmenos.
  1767 | D:3      | Found a basalt altar of Yredelemnul.
  1798 | D:4      | Identified the +2 short sword "Bugasaff" {flame, rCorr}
  1926 | D:4      | 1926 ||| Stepping ~*~*~tactically~*~*~ (stealth).
  1927 | D:4      | 1927 ||| Stepping ~*~*~tactically~*~*~ (stealth).
  1929 | D:4      | 1929 ||| Stepping ~*~*~tactically~*~*~ (hiding).
  1930 | D:4      | 1930 ||| Stepping ~*~*~tactically~*~*~ (hiding).
  1938 | D:4      | Reached XP level 5. HP: 27/32 MP: 5/5
  1943 | D:4      | 1943 ||| DRINKING 4 potions of curing.
  1943 | D:4      | 1943 ||| (to cure confusion)
  1947 | D:4      | 1947 ||| DRINKING 3 potions of curing.
  1947 | D:4      | 1947 ||| (to cure confusion)
  1949 | D:4      | 1949 ||| DRINKING 2 potions of curing.
  1949 | D:4      | 1949 ||| (to cure confusion)
  1958 | D:4      | Reached skill level 5 in Axes
  2031 | D:4      | Found a runed translucent door.
  2031 | D:4      | Noticed qw's ghost (novice GrFi)
  2242 | D:4      | 2242 ||| UPGRADING to +0 cloak.
  2264 | D:5      | Entered Level 5 of the Dungeon
  2264 | D:5      | Noticed a black bear
  2271 | D:5      | 2271 ||| STAIRDANCE
  2276 | D:4      | Reached skill level 1 in Dodging
  2276 | D:4      | Reached XP level 6. HP: 15/37 MP: 6/6
  2276 | D:4      | HP: 9/37 [black bear (6)]
  2277 | D:4      | HP: 4/37 [black bear (6)]
  2282 | D:4      | HP: 2/37 [black bear (2)]
  2285 | D:4      | Slain by a black bear

Levels and vault maps discovered:
D:1:      arrival_zaba_pyramid, layout_loops_ring
D:2:      layout_rooms
D:3:      layout_rooms, nicolae_overflow_hidden_temple, marbit_many_paths,
          nicolae_ecumenical_oubliette
D:4:      layout_cave_pools, gammafunk_ghost_grave
D:5:      layout_loops_ring, mainiacjoe_overflow_six_doors_small, led_xom_imps

Skill      XL: |  1  2  3  4  5 |
---------------+----------------+-----
Axes           | 2 3 4 5 |  5.1
Dodging        | 1 |  1.7
Fighting       | |  3.6
Armour         | |  3.2
Shields        | |  3.2

Action                     |  1- 3 |  4- 6 || total
---------------------------+-------+-------++-------
  Melee: War axe           |    75 |    75 ||   150
  Throw: Boomerang         |     5 |    40 ||    45
    Use: Scroll            |     1 |     4 ||     5
         Potion            |     1 |     3 ||     4
 Armour: Scale mail        |    34 |    79 ||   113
  Dodge: Dodged            |    38 |    52 ||    90
  Block: Buckler           |    12 |    16 ||    28

Table legend:
 A = Non-vault XP
 B = Vault XP
 C = Vault XP percentage of total XP
 D = Non-vault monster count
 E = Vault monster count
 F = Vault count percentage of total count
                 A         B        C        D         E       F
            +---------+---------+-------+---------+---------+-------
      Total |     383 |       1 |   0.3 |      72 |       1 |   1.4
            +---------+---------+-------+---------+---------+-------
        D:1 |      45 |       0 |   0.0 |      28 |       0 |   0.0
        D:2 |      53 |       0 |   0.0 |      19 |       0 |   0.0
        D:3 |      19 |       1 |   5.0 |      12 |       1 |   7.7
        D:4 |     266 |       0 |   0.0 |      13 |       0 |   0.0
            +---------+---------+-------+---------+---------+-------
